 Dungeon Crawl Stone Soup version 0.29-a0-668-g12ee2bf84d (webtiles) character file.

Game seed: 9757900350391034455

17 Newt the Skirmisher (level 2, 0/24 HPs)
             Began as a Demonspawn Abyssal Knight on June 23, 2022.
             Was a Believer of Lugonu.
             Succumbed to a kobold's poison
             ... on level 1 of the Dungeon.
             The game lasted 00:01:48 (520 turns).

Newt the Skirmisher (Demonspawn Abyssal Knight)      Turns: 520, Time: 00:01:49

Health: 0/24       AC:  6    Str: 13    XL:     2   Next: 44%
Magic:  4/4        EV:  9    Int: 11    God:    Lugonu [**....]
Gold:   18         SH:  0    Dex: 13    Spells: 1/1 levels left

rFire   . . .      SeeInvis .   a - +1 spear
rCold   . . .      Faith    .   (no shield)
rNeg    . . .      Spirit   .   e - +0 scale mail
rPois   .          Reflect  .   (no helmet)
rElec   .          Harm     .   (no cloak)
rCorr   .          Rampage  .   (no gloves)
Will    .....                   (no boots)
Stlth   ..........              (no amulet)
HPRegen 0.08/turn               (no ring)
MPRegen 0.09/turn               (no ring)

@: lethally poisoned (0 -> -2)
A: foul stench 1
a: Renounce Religion, Depart the Abyss, Bend Space


You were on level 1 of the Dungeon.
You worshipped Lugonu.
Lugonu was pleased with you.
You visited 1 branch of the dungeon, and saw 1 of its levels.
You visited the Abyss 1 time.

You collected 18 gold pieces.

Inventory:

Hand Weapons
 a - a +1 spear (weapon)
Missiles
 d - 5 poisoned darts (quivered)
Armour
 b - a +0 leather armour
 e - a +0 scale mail (worn)
Scrolls
 g - a scroll of magic mapping
Potions
 f - a potion of cancellation


   Skills:
 + Level 3.2 Fighting
 + Level 2.0 Polearms
 + Level 2.0 Armour
 + Level 0.8 Dodging
 + Level 3.0 Invocations


You had one spell level left.
You didn't know any spells.
Your spell library was empty.

Dungeon Overview and Level Annotations

Branches:
Dungeon (1/15)

Altars:


Innate Abilities, Weirdness & Mutations

You may rarely emit foul miasma when damaged in melee.


Message History

You miss the kobold. The kobold hits you but does no damage.
You are poisoned.
You closely miss the kobold.
You feel sick.
The kobold hits you with a +2 short sword of venom.
You are more poisoned.
You hit the kobold.
You kill the kobold!
Lugonu accepts your kill.
You feel very sick.
You reach to attack!
You closely miss the rat.
You feel very sick.
You are too injured to fight recklessly!
You are too injured to fight recklessly!
You barely miss the rat.
You feel sick. The rat closely misses you.
You closely miss the rat.
* * * LOW HITPOINT WARNING * * *
You feel sick.
The rat bites you but does no damage. x2
You hit the rat.
The rat is heavily wounded.
* * * LOW HITPOINT WARNING * * *
You feel sick.
The rat bites you but does no damage. x2
You barely miss the rat.
The rat is heavily wounded.
* * * LOW HITPOINT WARNING * * *
You feel sick.
The rat bites you but does no damage. x2
You closely miss the rat.
The rat is heavily wounded.
* * * LOW HITPOINT WARNING * * *
You feel sick. The rat bites you but does no damage. The rat bites you.
* * * LOW HITPOINT WARNING * * *
Okay, then.
It was a potion of cancellation.
You feel magically purged.
* * * LOW HITPOINT WARNING * * *
You feel sick. The rat bites you but does no damage.
The rat closely misses you.
Okay, then.
As you read the scroll labelled DECZUTUKHU, it crumbles to dust.
It is a scroll of identify.
g - a scroll of magic mapping You die...

#..#..
..##..##...[.......##
........
####.###..........##
######.#.
####.#.........####
...# #........#.....#
.# .##.......##.....#
.. ..........# .....#
..........# .#####
#.........#..#
.......@....#
......rr..###
..........#
..........#
.....#.##.# .....#.
.# ......# ## .... .


You could see 2 rats.

Vanquished Creatures
  A bat (D:1)
  An endoplasm (D:1)
  2 giant cockroaches (D:1)
  A goblin (D:1)
  3 hobgoblins (D:1)
  2 kobolds (D:1)
  A quokka (D:1)
  3 ball pythons (D:1)
  A rat (D:1)
15 creatures vanquished.

Notes
Turn   | Place    | Note
-------+----------+-------------------------------------------
     0 | Abyss:1  | Newt the Demonspawn Abyssal Knight began the quest for the
                  | Orb.
     0 | Abyss:1  | Reached XP level 1. HP: 18/18 MP: 2/2
    79 | Abyss:2  | Noticed an anaconda zombie
    79 | Abyss:2  | Noticed an ancient zyme
    80 | D:1      | Escaped the Abyss
   183 | D:1      | Reached ** piety under Lugonu
   184 | D:1      | Gained mutation: You may rarely emit foul miasma when
                  | damaged in melee. [demonic ancestry]
   184 | D:1      | Reached XP level 2. HP: 13/24 MP: 2/4
   519 | D:1      | HP: 1/24 [poisoned by a kobold]
   520 | D:1      | Succumbed to a kobold's poison

Illustrated notes

Levels and vault maps discovered:
D:1:      onia_arrival_mini_maze, layout_rooms, shapermc_ecumenical_altar_petra,
          corner_web_ring

Skill      XL: |  1 |
---------------+----+-----
Armour         | 2 |  2.0
Invocations    | 3 |  3.0
Polearms       | 2 |  2.0
Fighting       | |  3.2
Dodging        | |  0.8

Action                   || total
-------------------------++-------
Melee: Spear             ||    62
Throw: Dart              ||     2
Invok: Depart the Abyss  ||     1
  Use: Scroll            ||     1
       Potion            ||     1
Armor: Scale mail        ||    21
       Leather armour    ||     2
Dodge: Dodged            ||    24

Table legend: (Time is in decaauts)
 A = Elapsed time spent in this place.
 B = Non-inter-level travel time spent in this place.
 C = Inter-level travel time spent in this place.
 D = Time resting spent in this place.
 E = Time spent auto-exploring this place.
 F = Levels seen in this place.
 G = Mean time per level.
                   A        B        C        D        E       F      G
               +--------+--------+--------+--------+--------+-----+--------+
         Total |    519 |    519 |      0 |    133 |    197 |   3 |  173.0 |
       Dungeon |    440 |    440 |      0 |    133 |    125 |   1 |  440.0 |
         Abyss |     79 |     79 |      0 |      0 |     72 |   2 |   39.5 |
               +--------+--------+--------+--------+--------+-----+--------+

Top non-repeatable levels by time:
     D:1: 440 daAuts
 Abyss:1: 43 daAuts
 Abyss:2: 36 daAuts
